 Dungeon Crawl Stone Soup version 0.27.0-1-g7a089689b8 (webtiles) character file.

Game seed: 12409263083945054030

5498 dolemite99 the Grappler (level 10, 0/88 HPs)
             Began as a Troll Warper on Aug 9, 2021.
             Was an Elder of the Shining One.
             Shot with a sling bullet by Joseph (10 damage)
             ... on level 8 of the Dungeon.
             The game lasted 00:07:04 (6199 turns).

dolemite99 the Grappler (Troll Warper)              Turns: 6199, Time: 00:07:04

Health: 0/88       AC:  4    Str: 30    XL:     10   Next: 42%
Magic:  0/19       EV:  9    Int:  9    God:    the Shining One [****..]
Gold:   438        SH:  0    Dex:  9    Spells: 11/11 levels left

rFire    . . .     SeeInvis .     - Unarmed
rCold    . . .     Faith    .   (no shield)
rNeg     + + .     Spirit   +   a - +0 robe
rPois    .         Reflect  .   (helmet restricted)
rElec    .         Harm     .   (no cloak)
rCorr    .         Rampage  .   (gloves unavailable)
Will     .....                  (boots unavailable)
Stlth    +.........             k - amulet of guardian spirit
HPRegen  1.24/turn              p - +6 ring of strength
MPRegen  0.16/turn              g - ring of magical power

@: glowing
A: large, unfitting armour, claws 3, regeneration 1, shaggy fur 1, tough skin 1
a: Renounce Religion, Divine Shield, Cleansing Flame


You were on level 8 of the Dungeon.
You worshipped the Shining One.
The Shining One was greatly pleased with you.
You visited 2 branches of the dungeon, and saw 9 of its levels.

You collected 438 gold pieces.

Inventory:

Hand Weapons
 F - a +2 shortbow of freezing
Missiles
 c - 6 poisoned darts
 i - 10 boomerangs (quivered)
 n - 237 stones
 w - 52 bolts
 D - 5 javelins
 G - 42 arrows
 I - a throwing net
Armour
 a - a +0 robe (worn)
Jewellery
 g - a ring of magical power (right claw)
 k - an amulet of guardian spirit (around neck)
 p - a +6 ring of strength (left claw)
 u - a ring of resist corrosion
 y - a ring of poison resistance
 A - a ring of wizardry
 B - a +6 ring of strength
Wands
 t - a wand of acid (2)
 v - a wand of flame (26)
 H - a wand of iceblast (6)
Scrolls
 b - a scroll of blinking
 d - 5 scrolls of noise {unknown}
 e - a scroll of torment {unknown}
 f - 2 scrolls of identify {unknown}
 l - a scroll of vulnerability {unknown}
 q - 2 scrolls of immolation {unknown}
 s - a scroll of magic mapping {unknown}
 z - a scroll of fog {unknown}
 E - 2 scrolls of enchant armour {unknown}
Potions
 h - 5 potions of curing
 j - a potion of might {unknown}
 m - a potion of haste {unknown}
 o - 5 potions of attraction {unknown}
 r - a potion of brilliance {unknown}
 x - a potion of cancellation {unknown}
 C - 2 potions of heal wounds {unknown}


   Skills:
 + Level 2.3 Fighting
 - Level 10.2 Throwing
 - Level 1.9 Dodging
 - Level 10.8 Unarmed Combat
 - Level 1.2 Spellcasting
 - Level 2.1 Translocations


You had 11 spell levels left.
You didn't know any spells.
Your spell library contained the following spells:

 Spells                   Type           Power      Damage    Failure   Level
 Blink                    Tloc           N/A        N/A       22%         2
 Gell's Gravitas          Tloc           2%         N/A       41%         3
 Lesser Beckoning         Tloc           2%         N/A       41%         3
 Teleport Other           Tloc           4%         N/A       41%         3
 Frozen Ramparts          Ice            0%         1d2       73%         3
 Airstrike                Air            0%         N/A       98%         4
 Ice Form                 Ice/Tmut       0%         N/A       98%         4
 Summon Ice Beast         Ice/Summ       0%         N/A       98%         4
 Summon Lightning Spire   Summ/Air       0%         N/A       98%         4
 Manifold Assault         Tloc           4%         N/A       99%         5
 Lightning Bolt           Conj/Air       0%         1d11      100%        5


Dungeon Overview and Level Annotations

Branches:
Dungeon (8/15)             Temple (1/1) D:4
   Lair: D:8-11

Altars:
Ashenzari
Cheibriados
Dithmenos
Elyvilon
Fedhas
Gozag
Hepliaklqana
Kikubaaqudgha
Makhleb
Nemelex Xobeh
Okawaru
Qazlal
Ru
Sif Muna
Uskayaw
Vehumet
Wu Jian
Xom
Yredelemnul
Zin
The Shining One

Shops:
D:1 [

Annotations:
D:8 Joseph


Innate Abilities, Weirdness & Mutations

You are too large for most types of armour.
You have claws for hands.
Your natural rate of healing is unusually fast.
You are covered in fur. (AC +1)
You have tough skin. (AC +1)


Message History

The acid corrodes Joseph!
Joseph is lightly wounded.
Joseph shoots a sling bullet.
The sling bullet hits you!! The sling bullet freezes you!
Aiming: Corrosive Bolt
Press: ? - help, Shift-Dir - straight line, f/p - Joseph
Aim: Joseph, wielding a +1 hunting sling of freezing, wearing a +3 leather armour of fire resistance and quivering sling bullets (lightly wounded, covered in acid, haloed, 81% to hit)
The bolt of acid hits Joseph!
Joseph is splashed with acid.
Joseph seems to be corroded for longer.
Joseph is moderately wounded.
Joseph shoots a sling bullet.
The sling bullet hits you!
* * * LOW HITPOINT WARNING * * *
The sling bullet freezes you.
* * * LOW HITPOINT WARNING * * *
Aiming: Corrosive Bolt
Press: ? - help, Shift-Dir - straight line, f/p - Joseph
Aim: Joseph, wielding a +1 hunting sling of freezing, wearing a +3 leather armour of fire resistance and quivering sling bullets (moderately wounded, covered in acid, haloed, 81% to hit)
The bolt of acid hits Joseph!
Joseph is splashed with acid.
Joseph seems to be corroded for longer.
Joseph is severely wounded.
Joseph shoots a sling bullet.
The sling bullet hits you!
* * * LOW HITPOINT WARNING * * *
The sling bullet freezes you.
* * * LOW HITPOINT WARNING * * *
You feel better.
Joseph shoots a sling bullet.
The sling bullet hits you!
* * * LOW HITPOINT WARNING * * *
The sling bullet freezes you.
* * * LOW HITPOINT WARNING * * *
Aiming: Corrosive Bolt
Press: ? - help, Shift-Dir - straight line, f/p - Joseph
Aim: Joseph, wielding a +1 hunting sling of freezing, wearing a +3 leather armour of fire resistance and quivering sling bullets (severely wounded, covered in acid, haloed, 81% to hit)
The bolt of acid hits Joseph!
Joseph is splashed with acid.
Joseph seems to be corroded for longer.
Joseph is almost dead.
Aiming: Corrosive Bolt
Press: ? - help, Shift-Dir - straight line, f/p - Joseph
Aim: Joseph, wielding a +1 hunting sling of freezing, wearing a +3 leather armour of fire resistance and quivering sling bullets (almost dead, covered in acid, haloed, 81% to hit)
The bolt of acid misses Joseph.
Joseph shoots a sling bullet.
The sling bullet hits you!
You die...

#.#.# #.#
#.# #.#
#.# #.#
#.# #
####.#.#
#.$.@..#
#.....##
#.....#
#@....#
.......#
!.....###
#......
#......


You could see Joseph (corroded).

Vanquished Creatures
  Pikel (D:6)
  3 centaur zombies (D:7)
  2 centaur skeletons (D:7)
  2 hellwings (D:7)
  Grinder (D:6)
  2 meliai zombies (D:7)
  A wraith (D:7)
  2 water moccasins
  A sky beast (D:6)
  4 centaurs
  An ogre (D:4)
  A phantom (D:5)
  3 lemures (D:6)
  2 wyvern zombies
  2 scorpions
  2 wyvern skeletons (D:7)
  3 killer bees (D:8)
  14 wights (D:7)
  A bullfrog zombie (D:5)
  2 hounds
  3 jellies
  A bullfrog skeleton (D:6)
  2 orc wizards
  Terence (D:2)
  10 adders
  4 shadow imps (D:7)
  4 worms
  5 dart slugs
  19 orcs
  7 ball pythons
  7 endoplasms
  2 giant cockroaches
  10 goblins
  6 hobgoblins
  3 jackals (D:1)
  8 kobolds
  3 quokkas
  3 bats (D:1)
  2 frilled lizards
  A jackal skeleton (D:4)
  A quokka skeleton (D:4)
  A rat (D:1)
153 creatures vanquished.

Vanquished Creatures (others)
  15 withered plants (D:7)
15 creatures vanquished.

Grand Total: 168 creatures vanquished

Notes
Turn   | Place    | Note
-------+----------+-------------------------------------------
     0 | D:1      | dolemite99 the Troll Warper began the quest for the Orb.
     0 | D:1      | Reached XP level 1. HP: 19/19 MP: 1/1
   149 | D:1      | Reached XP level 2. HP: 26/27 MP: 2/2
   351 | D:1      | Found Icraog's Antique Armour Shop.
   443 | D:1      | Reached XP level 3. HP: 31/33 MP: 3/3
   492 | D:1      | You fall into a shaft and drop 1 floor!
   889 | D:2      | Reached XP level 4. HP: 41/41 MP: 4/4
   900 | D:2      | Noticed Terence
   908 | D:2      | Killed Terence
  1186 | D:2      | Found a faded altar of an unknown god.
  1192 | D:2      | Became a worshipper of the Shining One
  1192 | D:2      | Reached * piety under the Shining One
  1406 | D:3      | Reached skill level 5 in Unarmed Combat
  1601 | D:3      | Noticed a scorpion
  1605 | D:3      | Killed a scorpion
  1606 | D:3      | Reached XP level 5. HP: 45/48 MP: 5/5
  2010 | D:4      | Noticed an ogre
  2017 | D:4      | Killed an ogre
  2039 | D:4      | Reached XP level 6. HP: 55/55 MP: 6/6
  2270 | D:4      | Found a staircase to the Ecumenical Temple.
  2385 | D:4      | Found Riudewuycw's General Store.
  2738 | Temple   | Entered the Ecumenical Temple
  2978 | D:5      | Entered Level 5 of the Dungeon
  3126 | D:5      | Reached ** piety under the Shining One
  3132 | D:5      | Reached XP level 7. HP: 62/62 MP: 7/7
  4223 | D:6      | Noticed Pikel
  4230 | D:6      | Killed Pikel
  4231 | D:6      | Reached skill level 10 in Unarmed Combat
  4231 | D:6      | Reached XP level 8. HP: 60/70 MP: 8/8
  4694 | D:6      | Noticed Grinder
  4700 | D:6      | Paralysed by Grinder for 3 turns
  4714 | D:6      | Paralysed by Grinder for 2 turns
  4723 | D:6      | Killed Grinder
  5025 | D:7      | Reached XP level 9. HP: 76/76 MP: 9/9
  5124 | D:7      | Reached skill level 5 in Throwing
  5421 | D:7      | Reached *** piety under the Shining One
  5480 | D:7      | Noticed a hellwing
  5496 | D:7      | Killed a hellwing
  5497 | D:7      | Reached XP level 10. HP: 47/85 MP: 10/10
  5635 | D:7      | Reached **** piety under the Shining One
  5781 | D:7      | Reached skill level 10 in Throwing
  6190 | D:8      | Noticed Joseph
  6199 | D:8      | Shot with a sling bullet by Joseph

Illustrated notes

Levels and vault maps discovered:
D:1:      dpeg_arrival_arbitrary_b, layout_basic, serial_shops, shop,
          minmay_tetromino_o4
D:2:      layout_basic, chequers_ecumenical_altar_lobes, uniq_terence
D:3:      layout_basic, minivault_25, amcnicky_mini_rare_corridor_liquid
D:4:      layout_cave_pools, minmay_temple_entry_gardened_gates, serial_shops,
          nicolae_diamond_shop, corexii_corridor_pit
D:5:      layout_loops_cross, moated_statue
D:6:      layout_basic, minmay_statues_item, patterned_corridor, uniq_pikel,
          uniq_grinder
D:7:      cheibrodos_grave_circle, layout_basic
D:8:      minmay_klotski, layout_basic, uniq_gastronok, uniq_psyche, uniq_joseph
Temple:   kilobyte_greek_temple

Skill      XL: |  1  2  3  4  5  6  7  8  9 10 |
---------------+-------------------------------+-----
Unarmed Combat | 3 4 5 6 7 10 | 10.8
Throwing       | 4 9 10 | 10.2
Fighting       | 2 |  2.3
Dodging        | |  1.9
Spellcasting   | |  1.2
Translocations | |  2.1

Action                   |  1- 3 |  4- 6 |  7- 9 | 10-12 || total
-------------------------+-------+-------+-------+-------++-------
Melee: Unarmed           |    89 |    86 |   117 |    64 ||   356
       Punch             |     1 |     2 |     8 |     2 ||    13
Throw: Boomerang         |     5 |       |    63 |     8 ||    76
       Dart              |    37 |    66 |    26 |       ||   129
       Javelin           |       |       |     7 |       ||     7
Evoke: Wand              |       |       |       |     5 ||     5
  Use: Scroll            |       |       |     2 |       ||     2
       Potion            |       |       |       |     1 ||     1
Armor: Robe              |    29 |    24 |    30 |    34 ||   117
Dodge: Dodged            |    45 |    40 |    58 |    55 ||   198
